Map: Ulrena

Players

Wingless - Winner!

  • Race: Terran Terran
  • League: Diamond

LilDicky

  • Race: Terran Terran
  • League: Diamond

VOD

http://www.twitch.tv/tumescentpie

Description

Time

  • Played on: Dec. 11, 2015, 1:59 p.m.
  • Length: 10:18
Show
View Real Time Build Order
Export as new Build Order

Wingless Terran - Winner!

Build Orders:  

Get SALT Encoding   

  12  0:00  SCV  
  13  0:13  SCV  
  14  0:19  Supply Depot  
  14  0:26  SCV  
  15  0:32  Refinery  
  15  0:41  Barracks  
  15  0:46  SCV  
  16  0:58  SCV  
  17  1:11  Barracks  
  17  1:13  SCV  
  18  1:29  Bunker  
  18  1:30  Reaper  
  19  1:34  Orbital Command  
  19  1:55  Refinery  
  19  1:59  Reaper  
  19  2:00  SCV  
  21  2:06  Reaper  
  22  2:15  SCV  
  23  2:49  SCV  
  23  2:56  Factory  
  23  3:04  Command Center  
  23  3:36  Barracks Tech Lab  
  23  3:39  Supply Depot x2  
  23  3:41  Factory Tech Lab  
  23  3:44  Starport  
  23  3:45  Supply Depot  
  23  4:00  SCV, Marine  
  25  4:03  Barracks  
  25  4:06  Marauder  
  27  4:10  Factory Tech Lab  
  27  4:12  SCV  
  28  4:18  Marine  
  28  4:20  Engineering Bay, Orbital Command  
  29  4:24  SCV  
  29  4:27  Marine  
  31  4:35  Marine  
  31  4:36  SCV  
  31  4:38  Banshee  
  36  4:44  Marine  
  37  4:51  Supply Depot x2  
  37  4:56  Supply Depot  
  37  5:05  Marine x3  
  37  5:13  Missile Turret  
  35  5:22  Orbital Command  
  35  5:23  Marine x3  
  31  5:38  SCV  
  31  5:41  Marine x2  
  34  5:50  SCV x2  
  36  6:02  SCV  
  35  6:10  Marine x3  
  35  6:11  Viking  
  34  6:28  Missile Turret, Marine x3  
  33  6:45  Marine  
  33  6:46  Marine x2  
  36  6:54  SCV x2  
  38  6:57  Raven  
  40  7:03  Marine  
  40  7:04  Marine x2  
  40  7:06  SCV  
  44  7:12  Supply Depot  
  44  7:13  Stimpack  
  42  7:27  Missile Turret  
  40  7:36  Marine x2  
  40  7:37  Siege Tank  
  40  7:40  SCV x2  
  42  7:58  Marine  
  42  7:59  Marine x2  
  42  8:01  SCV x2  
  41  8:13  SCV  
  41  8:16  Marine x3  
  44  8:30  SCV x2, Missile Turret  
  44  8:33  Viking  
  48  8:34  Marine x3  
  51  8:42  SCV x2  
  52  8:49  Refinery  
  52  8:52  Marine x2  
  52  8:53  Siege Tank  
  52  8:54  SCV x2  
  59  9:06  SCV  
  60  9:14  SCV  
  61  9:18  SCV  
  61  9:19  Marine  
  61  9:20  Marine  
  61  9:22  Starport Reactor  
  64  9:25  Barracks  
  64  9:27  Barracks  
  64  9:38  SCV x2  
  66  9:40  Barracks Reactor x2  
  66  9:41  Marine  
  66  9:42  Siege Tank  
  70  9:49  Refinery  
  70  9:50  SCV  
  71  9:58  Command Center  
  71  9:59  Marine  
Show
View Real Time Build Order
Export as new Build Order

LilDicky Terran 

Build Orders: Hellion Banshee 

Get SALT Encoding   

  12  0:01  SCV  
  13  0:13  SCV  
  14  0:17  Supply Depot  
  14  0:25  SCV  
  15  0:32  Refinery  
  15  0:39  SCV  
  16  0:45  Barracks  
  16  0:51  SCV  
  17  1:04  SCV  
  18  1:16  SCV  
  20  1:33  Orbital Command  
  20  1:35  Supply Depot  
  19  1:42  Reaper  
  20  1:52  Bunker  
  20  1:58  Refinery  
  20  2:05  SCV, Factory  
  21  2:17  SCV, Barracks Reactor  
  22  2:29  SCV  
  22  2:56  Starport  
  22  2:57  SCV  
  23  3:01  Supply Depot, Hellion x2  
  23  3:02  Barracks Tech Lab  
  27  3:09  SCV  
  26  3:22  Hellion  
  26  3:23  Hellion  
  28  3:35  SCV  
  29  3:44  Hellion x2  
  33  4:05  Banshee, Cloaking Field  
  33  4:09  Hellion  
  38  4:15  Hellion  
  40  4:19  Supply Depot  
  40  4:25  SCV  
  41  4:32  Widow Mine  
  41  4:35  Widow Mine  
  45  4:48  Banshee  
  44  5:26  Command Center  
  41  5:30  Banshee  
  41  5:35  SCV  
  37  5:38  Engineering Bay  
  35  5:56  Widow Mine  
  35  5:57  Widow Mine  
  30  6:26  Hellion x2  
  30  6:51  Banshee, Hellion x2  
  30  6:52  SCV  
  32  7:04  SCV  
  33  7:10  Missile Turret  
  33  7:13  Missile Turret  
  33  7:14  Widow Mine  
  35  7:16  SCV  
  26  7:57  SCV  
  24  7:59  Orbital Command  
  24  8:01  Hellion x2  
  23  8:18  Banshee  
  23  8:27  SCV  
  23  8:30  Hellion  
  23  8:31  SCV, Hellion  
  23  8:33  Marine  
  30  8:35  Factory  
  30  8:40  SCV  
  29  8:43  SCV  
  28  8:52  SCV  
  28  8:55  SCV  
  30  8:57  Marine  
  30  9:01  Viking  
  33  9:04  SCV  
  33  9:07  SCV  
  34  9:16  SCV  
  33  9:19  SCV  
  33  9:20  Missile Turret  
  33  9:22  Factory Tech Lab  
  34  9:28  SCV  
  34  9:29  Refinery  
  34  9:31  Banshee, SCV  
  38  9:33  Hellion x2  
  43  9:40  SCV  
  43  9:43  SCV  
  45  9:46  Supply Depot  
  45  9:52  SCV  
Tags
 
Add a new tag
Caveats
  • Supply blocks, unpowered buildings, or Contaminate may cause inaccurate times.
  • Supply counts are checked every 10 seconds.